Map: 시뮬레이크럼 - 래더

Players

DPGCure (Cure)

  • Race: Terran Terran
  • Spawn Location: 5:00

INnoVation - Winner!

  • Race: Terran Terran
  • League: Master
  • Spawn Location: 11:00

Event: StayAtHomestory Cup #1

VOD

Have the link to the VOD?

Description

Time

  • Played on: April 11, 2020, 2:23 p.m.
  • Length: 21:40

All games in this series

Show
View Real Time Build Order
Export as new Build Order

DPGCure Terran 

Build Orders: Reaper Expand 

Get SALT Encoding   

  12  0:00  SCV  
  13  0:12  SCV  
  14  0:17  Supply Depot  
  14  0:24  SCV  
  15  0:38  SCV  
  15  0:40  Barracks  
  16  0:43  Refinery  
  16  0:50  SCV  
  17  1:02  SCV  
  18  1:15  SCV  
  19  1:27  Orbital Command, Reaper  
  20  1:41  Command Center  
  20  1:53  SCV  
  21  1:54  Supply Depot  
  21  1:59  Marine  
  22  2:05  SCV  
  23  2:11  Factory  
  23  2:17  Marine, SCV  
  23  2:22  Bunker  
  25  2:29  SCV  
  26  2:35  Marine  
  27  2:38  Refinery  
  27  2:41  SCV  
  28  2:53  Marine, Orbital Command  
  28  2:54  SCV  
  28  2:55  Hellion  
  32  3:00  Starport  
  32  3:07  SCV  
  33  3:13  Barracks Reactor, Refinery  
  33  3:16  Factory Tech Lab  
  33  3:19  SCV  
  35  3:20  SCV  
  35  3:31  SCV  
  35  3:32  SCV  
  37  3:37  Supply Depot  
  37  3:42  Starport Tech Lab, Cyclone  
  37  3:47  SCV x2  
  41  3:49  Marine x2  
  43  3:59  SCV x2  
  43  4:01  Raven  
  47  4:04  Supply Depot  
  47  4:07  Marine  
  47  4:08  Marine  
  49  4:16  Siege Tank  
  52  4:18  SCV x2  
  52  4:26  Command Center  
  52  4:31  Supply Depot  
  52  4:32  SCV x2  
  52  4:33  Marine  
  52  4:34  Marine  
  56  4:44  SCV x2  
  58  4:46  Supply Depot  
  58  4:47  Refinery  
  58  4:58  SCV x2  
  60  5:00  Starport Reactor, Barracks  
  60  5:05  Barracks  
  60  5:07  Marine  
  60  5:08  Stimpack  
  60  5:10  SCV x2  
  60  5:13  Siege Tank  
  66  5:16  Supply Depot  
  66  5:22  SCV  
  66  5:23  SCV  
  66  5:25  Marine  
  69  5:30  Engineering Bay  
  69  5:31  Engineering Bay  
  69  5:34  SCV  
  69  5:35  SCV  
  71  5:37  Orbital Command  
  71  5:45  Marine, Starport Reactor  
  71  5:46  Siege Tank  
  75  5:52  Barracks  
  75  5:53  Barracks  
  75  5:57  Terran Infantry Weapons Level 1, Terran Infantry Armor Level 1  
  75  6:01  Orbital Command  
  75  6:06  SCV x2  
  75  6:07  Marine x5  
  82  6:16  Supply Depot  
  82  6:17  Supply Depot  
  82  6:18  SCV x2  
  84  6:24  Medivac x2, Siege Tank  
  91  6:26  SCV  
  91  6:30  SCV x2  
  91  6:32  Marine x4  
  98  6:33  Marine  
  98  6:39  Barracks Reactor  
  99  6:40  Barracks Reactor  
  99  6:42  SCV x3  
  102  6:51  Marine x2  
  102  6:52  Marine x3  
  107  6:56  SCV x2  
  107  6:57  SCV  
  107  6:59  Siege Tank  
  113  7:04  Supply Depot  
  113  7:06  Armory  
  113  7:10  Medivac x2  
  113  7:13  SCV  
  113  7:14  SCV, Sensor Tower  
  113  7:15  SCV  
  117  7:19  Refinery x2  
  117  7:21  Combat Shield  
  117  7:28  SCV x3, Supply Depot x2  
  117  7:29  Marine x4  
  120  7:30  Marine  
  125  7:49  Marine x2, SCV x3, Viking x2, Siege Tank  
  137  7:51  Marine x4  
  137  7:54  Supply Depot  
  137  7:57  Terran Infantry Weapons Level 2  
  141  8:00  Terran Infantry Armor Level 2  
  141  8:02  Marine  
  141  8:07  Marine x2  
  141  8:09  Supply Depot x2  
  141  8:10  Supply Depot  
  140  8:19  Viking  
  123  8:21  Marine x4  
  123  8:22  Marine x3  
  123  8:25  Marine  
  123  8:26  Medivac, Siege Tank  
  123  8:27  Marine  
  123  8:29  Terran Vehicle Weapons Level 1  
  124  8:39  Marine x4  
  124  8:40  Marine x3  
  129  8:42  Marine  
  129  8:43  SCV x2  
  129  8:44  SCV  
  129  8:45  Marine  
  126  8:49  Medivac  
  128  8:56  Medivac  
  128  9:00  Siege Tank  
  128  9:02  Marine x6  
  134  9:04  Marine x2  
  134  9:07  Command Center  
  141  9:10  SCV x3  
  141  9:12  Factory  
  144  9:19  Medivac  
  144  9:20  Marine x6, Barracks Reactor  
  144  9:22  Marine, SCV x2  
  144  9:23  SCV  
  156  9:26  Medivac  
  156  9:27  Marine  
  159  9:36  Siege Tank  
  159  9:38  Marine x4  
  161  9:49  Medivac  
  160  9:56  Marine x2  
  158  10:06  Marine x4  
  150  10:08  Siege Tank  
  150  10:12  Siege Tank  
  150  10:13  Marine x2  
  158  10:16  Barracks  
  158  10:18  SCV x3  
  158  10:19  Barracks  
  158  10:20  Barracks x3  
  161  10:22  Refinery  
  161  10:24  Marine x4  
  161  10:26  Supply Depot x2  
  165  10:31  Marine x2  
  167  10:40  Siege Tank  
  167  10:42  Marine x4  
  167  10:43  SCV x3  
  167  10:49  Marine x2, Siege Tank  
  177  10:50  Terran Infantry Weapons Level 3  
  175  11:00  Marine x4  
  178  11:05  Planetary Fortress  
  178  11:07  Marine x2  
  176  11:12  SCV x3  
  176  11:14  Barracks Reactor x3  
  176  11:18  Marine x4  
  183  11:23  Marine x2  
  183  11:24  Siege Tank  
  183  11:25  Marine x2  
  187  11:31  Terran Infantry Armor Level 3  
  182  11:35  Marine x2  
  182  11:37  Marine x2  
  184  11:41  Marine x2  
  184  11:42  Marine  
  184  11:43  Marine  
  185  11:56  Marine x4  
  185  11:57  Marine x3  
  185  11:58  Orbital Command  
  180  12:05  Marine  
  180  12:06  Marine  
  180  12:08  Marine, Supply Depot  
  180  12:09  Supply Depot  
  180  12:10  Marine x2  
  180  12:11  Barracks Reactor  
  180  12:13  Command Center  
  180  12:20  Terran Vehicle Weapons Level 2  
  180  12:30  Marine x7  
  188  12:41  Marine  
  188  12:48  Marine  
  188  12:54  Supply Depot x3  
  173  13:15  Marine x10, Siege Tank  
  173  13:18  Barracks  
  173  13:19  Barracks x2  
  186  13:23  Siege Tank  
  186  13:24  Command Center  
  186  13:27  SCV x3  
  186  13:31  Supply Depot x2  
  189  13:44  Marine x2  
  189  13:52  Marine x8  
  196  13:57  Sensor Tower  
  196  13:59  Command Center  
  196  14:02  Marine x2  
  185  14:07  Siege Tank x2  
  188  14:10  Marine x8  
  191  14:20  Marine x2  
  191  14:22  SCV x3  
  196  14:28  Marine x4  
  200  14:34  SCV  
  200  14:38  Marine  
  200  14:39  Marine x3  
  200  14:40  Marine x2  
  190  14:45  Marine x2  
  187  14:53  Marine x2  
  187  14:56  Marine  
  187  14:57  Marine  
  175  15:02  Marine x4  
  175  15:06  Siege Tank x2  
  163  15:07  Medivac  
  163  15:09  Marine x2  
  163  15:10  Marine x2  
  163  15:11  Barracks Reactor x3  
  159  15:17  Orbital Command  
  159  15:20  Marine x4  
  159  15:21  Marine x2  
  156  15:24  Medivac  
  156  15:25  Orbital Command  
  157  15:29  Refinery x2  
  156  15:39  Medivac  
  155  15:48  Refinery  
  155  15:49  Refinery  
  153  15:51  Marine x4  
  153  15:52  Marine x2  
  159  15:58  Planetary Fortress  
  159  15:59  Marine x4  
  163  16:06  Medivac  
  163  16:09  Marine x6  
  171  16:12  Marine x2  
  171  16:13  Marine x3  
  171  16:16  Marine  
  179  16:20  Siege Tank  
  179  16:23  Marine  
  184  16:30  Marine x3  
  184  16:31  Marine  
  187  16:34  SCV  
  187  16:37  Barracks  
  187  16:38  Barracks  
  185  16:42  Marine x4  
  185  16:44  Siege Tank  
  185  16:47  SCV  
  175  16:52  Marine x4, Siege Tank  
  181  16:59  SCV  
  181  17:00  Marine x4  
  149  17:11  Marine x4  
  149  17:13  Medivac x2  
  149  17:14  SCV  
  149  17:15  SCV x3  
  157  17:16  Siege Tank  
  157  17:17  Refinery x2  
  157  17:18  Marine x4  
  157  17:20  Sensor Tower  
  164  17:24  Siege Tank  
  164  17:29  Marine x4  
  171  17:34  Barracks Reactor x2  
  171  17:36  Marine x4  
  175  17:43  Medivac x2  
  160  17:48  Marine x4  
  155  17:51  Siege Tank  
  155  17:53  Marine x2  
  155  17:54  Marine x2  
  160  18:06  Marine x4  
  160  18:11  Marine x8  
  160  18:12  Siege Tank  
  167  18:13  Medivac x2  
  163  18:24  Marine x4, Siege Tank  
  170  18:29  Marine x8  
  164  18:42  Marine x4  
  164  18:43  Medivac  
  164  18:47  Marine x2  
  168  18:48  Marine x2  
  168  18:49  Marine x4  
  168  18:51  Siege Tank  
  166  18:56  Siege Tank  
  166  18:59  Marine x2  
  150  19:04  SCV x2  
  150  19:05  SCV x2, Marine x4, Command Center  
  150  19:06  Marine x2, Medivac  
  150  19:07  Marine x3  
  150  19:08  Marine  
  164  19:13  Medivac  
  164  19:16  SCV  
  164  19:17  SCV x3, Marine x2  
  169  19:23  Marine x4  
  176  19:24  Marine x2  
  176  19:25  Marine x2  
  176  19:28  Marine x2  
  182  19:32  Siege Tank  
  182  19:35  Marine x2  
  172  19:41  Marine x2  
  172  19:42  Marine x4  
  172  19:43  Marine x2  
  146  19:46  Marine x2  
  129  19:53  Marine x2  
  129  19:57  Medivac  
  129  19:58  Marine x2  
  134  20:00  Marine x4  
  134  20:02  Marine x2  
  140  20:07  Marine x2  
  140  20:11  Marine  
  140  20:15  Marine  
  140  20:16  Marine x2  
  140  20:18  Marine x2, Siege Tank  
  145  20:24  Planetary Fortress  
  134  20:40  Marine x8  
  134  20:52  Marine x2  
  125  20:58  Marine x5  
  125  21:01  Marine  
  125  21:03  Medivac  
  135  21:10  Marine x2  
  134  21:16  Marine x5  
  139  21:19  Marine  
  139  21:23  Barracks  
  139  21:27  Barracks x2  
Show
View Real Time Build Order
Export as new Build Order

INnoVation Terran - Winner!

Build Orders:  

Get SALT Encoding   

  12  0:00  SCV  
  13  0:12  SCV  
  14  0:17  Supply Depot  
  14  0:24  SCV  
  14  0:27  Refinery  
  15  0:38  SCV  
  16  0:44  Barracks  
  16  0:50  SCV  
  16  0:55  Refinery  
  17  1:03  SCV  
  18  1:15  SCV  
  19  1:31  Orbital Command  
  19  1:32  Reaper  
  20  1:35  Factory  
  20  1:45  Supply Depot  
  20  1:56  SCV  
  21  2:04  Reaper  
  22  2:08  SCV  
  23  2:19  Hellion  
  23  2:20  SCV  
  26  2:31  Command Center  
  26  2:33  SCV  
  27  2:37  Barracks Reactor  
  27  2:41  Supply Depot  
  27  2:45  SCV  
  27  2:51  Factory Tech Lab  
  28  2:54  Starport  
  28  2:57  SCV  
  28  3:09  SCV, Cyclone  
  32  3:15  Marine  
  32  3:18  Marine, Refinery  
  34  3:22  SCV  
  35  3:34  SCV  
  36  3:46  Orbital Command  
  36  3:47  SCV  
  37  3:50  Raven  
  37  3:52  Factory Tech Lab  
  38  3:59  SCV  
  38  4:04  Command Center  
  38  4:11  SCV  
  38  4:12  SCV  
  40  4:23  SCV, Siege Tank  
  44  4:24  SCV  
  44  4:31  Supply Depot  
  45  4:35  SCV  
  45  4:36  SCV  
  47  4:41  Starport Reactor, Barracks, Stimpack  
  47  4:47  SCV, Barracks  
  47  4:48  SCV  
  47  4:49  Marine  
  50  4:59  SCV  
  51  5:00  SCV  
  51  5:02  Engineering Bay x2  
  52  5:11  Marine  
  52  5:12  SCV x2  
  55  5:17  Orbital Command  
  55  5:24  SCV x2  
  55  5:25  Starport Reactor  
  55  5:28  Terran Infantry Weapons Level 1, Terran Infantry Armor Level 1  
  57  5:31  Barracks  
  57  5:36  SCV x2, Barracks  
  57  5:38  Orbital Command  
  57  5:39  Refinery  
  57  5:41  Siege Tank  
  62  5:48  SCV, Marine x2  
  62  5:49  SCV  
  66  5:51  Supply Depot  
  66  5:52  Marine x2, Supply Depot  
  68  6:00  SCV  
  68  6:01  SCV  
  69  6:05  SCV, Marine  
  69  6:06  Marine x2, Medivac x2  
  77  6:13  Marine  
  77  6:14  SCV, Supply Depot  
  77  6:15  SCV, Supply Depot  
  80  6:19  Barracks Reactor  
  80  6:24  Combat Shield, Barracks Reactor  
  80  6:25  Marine x4  
  80  6:28  SCV x3  
  85  6:37  Supply Depot  
  85  6:41  SCV x3  
  85  6:43  Marine x2, Armory  
  85  6:44  Marine x3  
  93  6:50  Siege Tank  
  96  6:54  Supply Depot  
  96  6:56  SCV x3  
  96  6:57  Supply Depot  
  96  7:00  Marine x4  
  102  7:01  Marine  
  102  7:04  Medivac  
  102  7:05  Medivac  
  106  7:10  SCV x3  
  106  7:13  Marine  
  106  7:15  Marine x3, Supply Depot  
  110  7:18  Marine x2  
  110  7:22  SCV x3, Refinery  
  118  7:23  Refinery  
  118  7:26  Marine x3  
  121  7:31  Marine  
  121  7:33  Terran Infantry Weapons Level 2  
  121  7:35  Terran Infantry Armor Level 2  
  121  7:36  Marine x4  
  126  7:43  SCV x2, Marine  
  130  7:44  Supply Depot  
  130  7:50  Siege Tank  
  132  7:54  Marine  
  133  8:00  Marine x6  
  133  8:03  Barracks Reactor  
  133  8:05  Command Center  
  139  8:06  Supply Depot  
  139  8:19  Marine x7  
  129  8:24  Medivac x2, Siege Tank  
  129  8:25  Marine  
  123  8:31  Sensor Tower  
  123  8:37  Marine x7  
  130  8:43  Marine  
  130  8:45  Marine x2  
  130  8:53  Factory  
  130  8:54  Marine  
  130  8:55  Marine x3, Terran Vehicle And Ship Armor Level 1  
  134  8:57  Marine x3, Medivac x2, Siege Tank  
  134  9:01  Marine  
  134  9:02  Marine  
  139  9:03  Marine  
  141  9:11  SCV x3  
  141  9:12  Marine x4  
  141  9:15  Marine x3  
  141  9:16  Planetary Fortress  
  151  9:20  Marine x3  
  154  9:26  Viking  
  154  9:27  Viking  
  154  9:29  Siege Tank  
  154  9:30  Marine x3  
  164  9:33  Marine x4  
  164  9:37  Marine  
  164  9:38  Marine  
  167  9:42  Marine  
  163  9:48  Marine x3  
  163  9:51  Marine x4, Siege Tank  
  172  9:58  Terran Infantry Weapons Level 3  
  172  10:02  Marine x3, Viking  
  172  10:03  Viking  
  172  10:04  Siege Tank  
  172  10:06  Marine x3  
  166  10:09  Marine x4  
  166  10:11  Terran Infantry Armor Level 3  
  166  10:12  SCV x2  
  172  10:20  Supply Depot  
  172  10:21  Supply Depot, Refinery  
  172  10:22  Refinery  
  172  10:27  Supply Depot  
  172  10:37  SCV, Marine  
  172  10:38  Marine x2  
  172  10:39  SCV, Marine  
  172  10:40  Marine  
  172  10:41  Marine x5, Viking x2  
  172  10:42  Siege Tank x2  
  182  10:52  Terran Vehicle And Ship Armor Level 2  
  182  10:55  Marine  
  182  10:56  Marine x2  
  185  10:57  Marine  
  185  10:59  Marine  
  185  11:00  Marine x5, Starport  
  185  11:01  Starport  
  183  11:12  Viking  
  183  11:13  Marine x2  
  183  11:14  Marine  
  183  11:15  Marine  
  183  11:17  Marine x2  
  191  11:19  Siege Tank  
  194  11:26  Marine  
  194  11:27  Marine  
  194  11:32  Siege Tank  
  195  11:41  Starport Tech Lab x2  
  195  11:47  Command Center  
  195  11:48  Barracks  
  195  11:49  Marine, Barracks  
  195  11:50  Barracks  
  195  11:58  Siege Tank  
  195  12:00  Raven x2, Viking x2  
  196  12:03  Corvid Reactor  
  196  12:06  Siege Tank  
  192  12:14  Marine  
  192  12:15  Marine x3  
  187  12:31  Marine x4  
  187  12:32  Marine x2, Siege Tank  
  193  12:38  Marine x2  
  193  12:39  Marine, Barracks Reactor x2  
  193  12:40  Barracks Reactor  
  196  12:48  Sensor Tower  
  196  12:56  Marine  
  196  13:04  Marine  
  196  13:05  Marine  
  195  13:08  Marine x2  
  195  13:09  Marine x3  
  195  13:12  Raven, Viking  
  180  13:14  Raven  
  179  13:20  Siege Tank  
  179  13:22  Siege Tank  
  179  13:26  Medivac  
  179  13:27  Marine x2  
  179  13:33  Command Center x2  
  181  13:39  Sensor Tower  
  181  13:41  Marine x3  
  181  13:52  Supply Depot x2  
  181  13:53  Supply Depot  
  181  13:56  Marine x3  
  181  13:59  Marine, Medivac  
  181  14:12  Marine x2, Raven  
  181  14:13  Raven, Medivac, Siege Tank  
  177  14:17  Marine  
  177  14:18  Marine x3  
  177  14:19  Marine x5  
  177  14:20  Marine  
  177  14:23  SCV x2  
  186  14:29  Medivac  
  184  14:42  Marine x14  
  184  14:43  Medivac  
  172  14:58  Marine, Siege Tank x2  
  130  15:08  Medivac  
  130  15:10  Marine x4  
  130  15:13  Raven, Medivac, Starport Tech Lab  
  130  15:14  Marine x7  
  129  15:16  Marine  
  122  15:30  Planetary Fortress  
  122  15:31  SCV  
  122  15:32  SCV  
  123  15:38  Medivac  
  123  15:39  Raven  
  125  15:43  Marine, Orbital Command  
  125  15:44  SCV x2, Marine  
  129  15:56  Raven  
  129  15:57  SCV x2  
  133  15:58  Marine x5  
  138  16:08  Marine  
  138  16:09  Marine x3  
  138  16:10  Marine x2  
  144  16:19  Sensor Tower  
  144  16:25  Marine  
  145  16:33  Siege Tank x2  
  145  16:34  Marine x3  
  145  16:35  Marine  
  152  16:53  Marine x3  
  155  16:55  Orbital Command  
  155  16:56  SCV  
  152  17:05  Siege Tank x2  
  133  17:09  Marine x6  
  134  17:16  Marine x5  
  139  17:27  Marine x7  
  146  17:34  Orbital Command  
  146  17:37  Siege Tank  
  146  17:43  Marine x6  
  143  17:45  Marine x6  
  143  17:48  Raven  
  143  17:50  Raven  
  149  18:11  Marine  
  149  18:12  Marine x9, Siege Tank x2  
  159  18:17  Marine  
  159  18:18  SCV x2  
  159  18:19  SCV  
  163  18:22  Marine  
  163  18:23  Marine x4  
  168  18:29  Marine x3  
  168  18:30  SCV x2  
  168  18:31  SCV, Raven  
  165  18:41  Marine  
  165  18:45  Marine x7  
  165  18:46  Marine x5  
  165  18:47  Marine x2  
  180  18:55  Siege Tank  
  180  18:58  Marine, Siege Tank  
  164  19:04  Marine  
  164  19:05  Marine x6  
  164  19:08  Raven  
  161  19:13  Marine x5  
  165  19:22  Marine x6  
  171  19:27  Siege Tank  
  169  19:39  Marine x2  
  169  19:40  Marine x8  
  158  19:49  Siege Tank  
  158  19:51  Marine  
  158  19:54  Marine  
  158  19:59  Marine x7  
  166  20:01  Marine  
  167  20:08  Marine, Siege Tank  
  171  20:16  Marine x6  
  167  20:21  Raven  
  167  20:26  Marine x5  
  174  20:34  Marine  
  171  20:47  Marine  
  171  20:48  Marine x11  
  159  20:51  Orbital Command  
  159  20:55  Marine x2  
  159  20:56  Marine x2  
  158  21:02  Medivac  
  159  21:05  Marine x3  
  162  21:13  Marine x6  
  162  21:18  SCV x2  
  170  21:20  Marine  
Tags
 
Add a new tag
Caveats
  • Supply blocks, unpowered buildings, or Contaminate may cause inaccurate times.
  • Supply counts are checked every 10 seconds.